 Dungeon Crawl Stone Soup version 0.20-a0-915-gb278767 (webtiles) character file.

110 Aramant the Shield-Bearer (level 4, -3/40 HPs)
             Began as a Hill Orc Fighter on Mar 25, 2017.
             Was an Initiate of Trog.
             Slain by an ogre
             ... wielding a +0 giant club
              (11 damage)
             ... on level 3 of the Dungeon.
             The game lasted 00:04:11 (1616 turns).

Aramant the Shield-Bearer (Hill Orc Fighter)        Turns: 1616, Time: 00:04:12

Health: -3/40      AC:  7    Str: 19    XL:     4   Next: 91%
Magic:  4/4        EV:  7    Int:  8    God:    Trog [......]
Gold:   123        SH: 10    Dex: 14    Spells: 3/3 levels left

rFire    . . .     SeeInvis .   a - +2 war axe
rCold    . . .     Gourm    .   c - +0 shield
rNeg     . . .     Faith    .   b - +1 scale mail
rPois    .         Spirit   .   (no helmet)
rElec    .         Reflect  .   (no cloak)
rCorr    .         Harm     .   (no gloves)
MR       .....                  (no boots)
Stlth    ..........             (no amulet)
Regen    0.2/turn               k - +4 ring of dexterity
MPRegen  0.1/turn               (no ring)

@: no status effects
A: no striking features
a: Burn Spellbooks, Renounce Religion


You were on level 3 of the Dungeon.
You worshipped Trog.
Trog was noncommittal.
You were not hungry.

You visited 1 branch of the dungeon, and saw 3 of its levels.

You collected 123 gold pieces.

Inventory:

Hand Weapons
 a - a +2 war axe (weapon)
Armour
 b - a +1 scale mail (worn)
 c - a +0 shield (worn)
Jewellery
 j - a cursed amulet of inaccuracy {unknown}
 k - a +4 ring of dexterity (left hand)
Scrolls
 f - a scroll of teleportation {unknown}
Potions
 d - a potion of might
 e - a potion of haste {unknown}
 h - a potion of heal wounds {unknown}
 i - a potion of agility {unknown}
Comestibles
 g - 8 fruits
 m - a bread ration


   Skills:
 + Level 4.2 Fighting
 + Level 4.1 Axes
 + Level 3.6 Armour
 + Level 0.4 Dodging
 + Level 0.1 Stealth
 + Level 4.4 Shields


You had 3 spell levels left.
You didn't know any spells.

Dungeon Overview and Level Annotations

Branches:
Dungeon (3/15)

Altars:
Trog
Uskayaw


Message History

Your shield and scale mail prevent you from hitting the adder.
You block the adder's attack.
You slash the ogre!
The ogre is severely wounded.
You hit the adder. The adder closely misses you.
The ogre hits you with a giant club! You block the adder's attack.
You hit the ogre.
The ogre is severely wounded.
You barely miss the adder. You block the adder's attack.
You block the ogre's attack. The adder bites you.
You barely miss the ogre.
The ogre is severely wounded.
You barely miss the adder. The adder bites you.
The ogre hits you with a giant club!!
Ouch! That really hurt!
* * * LOW HITPOINT WARNING * * *
The adder barely misses you.
Okay, then.
The ogre hits you with a giant club!
You die...

######## #######
.....#.###.....####
####..#.##.#....@.#
#....###.#.#.#.##O#
#.#.## ##....#.##S.......
#.##.###†#>###.#.....###.
......#.##.###.#..8..#
†......# #.....#.8_8..#
.†##..## #######..8...#
...#..# #....... .#.#..#
###......


You could see an ogre and an adder.

Vanquished Creatures
  5 adders
  A dart slug (D:3)
  2 leopard geckos
  2 ball pythons
  2 giant cockroaches
  8 goblins
  9 hobgoblins
  4 jackals
  9 kobolds
  A quokka (D:2)
  5 bats
  4 frilled lizards
  5 rats
57 creatures vanquished.

Notes
Turn   | Place    | Note
-------+----------+-------------------------------------------
     0 | D:1      | Aramant the Hill Orc Fighter began the quest for the Orb.
     0 | D:1      | Reached XP level 1. HP: 19/19 MP: 1/1
   258 | D:1      | Reached XP level 2. HP: 27/27 MP: 2/2
   497 | D:1      | Reached XP level 3. HP: 28/33 MP: 3/3
   956 | D:2      | Reached XP level 4. HP: 34/40 MP: 4/4
   974 | D:2      | Found a hide-covered altar of Uskayaw.
  1330 | D:2      | Found a bloodstained altar of Trog.
  1432 | D:2      | Became a worshipper of Trog the Wrathful
  1606 | D:3      | Found a faded altar of an unknown god.
  1607 | D:3      | Noticed an ogre
  1616 | D:3      | Slain by an ogre

Vault maps used:
D:1:      minmay_arrival_open_corners
D:2:      lemuel_doored_altar, dk_vineyard_2, serial_bayou_pond_c,
          hangedman_abyss_or_decor_lesser_grid, bloody_trog
D:3:      chequers_ecumenical_altar_simple

Skill      XL: |  1  2  3  4 |
---------------+-------------+-----
Fighting       | 4 |  4.2
Axes           | 3 4 |  4.1
Shields        | 4 |  4.4
Armour         | |  3.6
Dodging        | |  0.4
Stealth        | |  0.1

Action                   |  1- 3 |  4- 6 || total
-------------------------+-------+-------++-------
Melee: War axe           |   126 |    51 ||   177
  Use: Scroll            |     4 |     2 ||     6
  Eat: Bread ration      |       |     1 ||     1
Armor: Scale mail        |    57 |    20 ||    77
Dodge: Dodged            |    44 |    16 ||    60
Block: Shield            |    92 |    31 ||   123
